 Dungeon Crawl Stone Soup version 0.25-a0-834-g55863b0b92 (webtiles) character file.

Game seed: 725370627512081120, levelgen mode: deterministic

68 Maedhros the Charlatan (level 4, 0/28 HPs)
             Began as an Octopode Artificer on Apr 22, 2020.
             Slain by a worker ant (6 damage)
             ... on level 4 of the Dungeon.
             The game lasted 00:03:49 (777 turns).

Maedhros the Charlatan (Octopode Artificer)          Turns: 777, Time: 00:03:50

Health: 0/28       AC:  1    Str: 11    XL:     4   Next: 19%
Magic:  6/6        EV: 13    Int: 13    God:
Gold:   99         SH:  0    Dex: 13    Spells: 3/3 levels left

rFire    . . .     SeeInvis .   a - +0 short sword
rCold    . . .     Gourm    .   (no shield)
rNeg     . . .     Faith    .   (helmet restricted)
rPois    .         Spirit   .   (no amulet)
rElec    .         Reflect  .   (no ring)
rCorr    .         Harm     .   (no ring)
MR       .....                  (no ring)
Stlth    +++.......             (no ring)
HPRegen  0.09/turn              (no ring)
MPRegen  0.10/turn              (no ring)
                                (no ring)
                                (no ring)

@: no status effects
A: almost no armour, stealthy swim, amphibious, 8 rings, constrict 8, camouflage
1, gelatinous body 1
a: no special abilities


You were on level 4 of the Dungeon.
You were not hungry.

You visited 1 branch of the dungeon, and saw 4 of its levels.

You collected 99 gold pieces.

Inventory:

Hand Weapons
 a - a +0 short sword (weapon)
 g - a +0 hunting sling
Missiles
 h - 26 poisoned darts (quivered)
 o - 3 javelins
Wands
 b - a wand of flame (14)
 c - a wand of enslavement (4)
 d - a wand of random effects (13)
 p - a wand of polymorph (6)
Scrolls
 e - a scroll of amnesia {unknown}
 i - a scroll of random uselessness {unknown}
 k - a scroll of enchant armour {unknown}
 n - a scroll of magic mapping {unknown}
 q - 3 scrolls of identify {unknown}
 r - a scroll of immolation {unknown}
 s - a scroll of teleportation {unknown}
Potions
 l - a potion of degeneration {unknown}
 m - a potion of haste {unknown}
 t - a potion of flight {unknown}
 u - a potion of heal wounds {unknown}
Comestibles
 f - 3 rations


   Skills:
 - Level 1.0 Fighting
 - Level 1.0 Short Blades
 - Level 2.0 Dodging
 + Level 3.0 Stealth
 * Level 2.4 Unarmed Combat
 + Level 3.9 Evocations


You had 3 spell levels left.
You didn't know any spells.
Your spell library was empty.

Dungeon Overview and Level Annotations

Branches:
Dungeon (4/15)
 Temple: D:4-7

Altars:
Dithmenos


Innate Abilities, Weirdness & Mutations

You cannot wear most types of armour.
You are very stealthy in the water. (Stealth+)
You are amphibious.
You can wear up to eight rings at the same time.
You can use your tentacles to constrict eight enemies at once.
Your skin changes colour to match your surroundings (Stealth+).
Your rubbery body absorbs attacks. (AC +1, EV +1)


Message History

* * * LOW HITPOINT WARNING * * *
You feel sick. The worker ant barely misses you.
That item cannot be evoked!
Evoke which item? (* to show all) (? for menu, Esc to quit)
Aiming: Enslavement
Press: ? - help, Shift-Dir - straight line, f/p - worker ant
Aim: a worker ant (chance to defeat MR: 66%)
The worker ant struggles to resist.
* * * LOW HITPOINT WARNING * * *
You feel sick. The worker ant misses you.
You feel better. The worker ant bites you!
* * * LOW HITPOINT WARNING * * *
The worker ant waves its antennae.
The worker ant closely misses you.
Evoke which item? (* to show all) (? for menu, Esc to quit)
Aiming: Enslavement
Press: ? - help, Shift-Dir - straight line, f/p - worker ant
Aim: a worker ant (chance to defeat MR: 66%)
The worker ant struggles to resist.
The worker ant bites you.
You die...

###.#.#...#.#.#.#.#.
##..#.#+...+#.#.#.#.#
..#.#.#...# #.#.#.#.
#..#.#.#'#.# #.#.#.#
#####.#a#.#.#.#.#
#.#.#.
.......#.#.#.#.#.#
#.#.
........#S#.#.#.#.#
#.
.......#a#.#.#.#.#.#
.......@#.#.#.#.#+#.#
#####..#+#.#.#.#.. ..
#.. #.#.#+... #..
#.#.# l. #.. #### #..
... ...


You could see a worker ant and an adder.

Vanquished Creatures
  An orc wizard (D:4)
  A gnoll (D:3)
  A dart slug (D:2)
  2 leopard geckos
  5 orcs
  2 ball pythons
  3 goblins
  7 hobgoblins
  2 quokkas (D:3)
  2 bats
  A frilled lizard (D:3)
  2 kobolds (D:1)
  A plant (D:3)
30 creatures vanquished.

Vanquished Creatures (collateral kills)
  A gnoll (D:3)
  A quokka (D:3)
2 creatures vanquished.

Vanquished Creatures (others)
  An orc wizard (D:4)
  A leopard gecko (D:3)
2 creatures vanquished.

Grand Total: 34 creatures vanquished

Notes
Turn   | Place    | Note
-------+----------+-------------------------------------------
     0 | D:1      | Maedhros the Octopode Artificer began the quest for the
                  | Orb.
     0 | D:1      | Reached XP level 1. HP: 13/13 MP: 3/3
   170 | D:1      | Reached skill level 1 in Unarmed Combat
   170 | D:1      | Reached XP level 2. HP: 18/18 MP: 4/4
   604 | D:3      | Found a shadowy altar of Dithmenos.
   617 | D:3      | Reached XP level 3. HP: 18/23 MP: 5/5
   749 | D:4      | Reached XP level 4. HP: 13/28 MP: 6/6
   777 | D:4      | Slain by a worker ant

Levels and vault maps discovered:
D:1:      dpeg_arrival_simpleton_c, layout_loops_ring, kennysheep_boxes
D:2:      layout_basic, marbit_many_paths, lemuel_doored_altar,
          minmay_diced_spiral
D:3:      wad_woods_stonehenge, layout_basic, hangedman_ru_absence,
          uniq_terence, uniq_sigmund
D:4:      cheibrodos_thug_alley, layout_basic, zin_purify,
          overflow_temple_1_default, first_ration, serial_shops,
          nicolae_shop_window_shopping, minmay_misc_feat_encased

Skill      XL: |  1  2  3 |
---------------+----------+-----
Unarmed Combat | 1 2 |  2.4
Stealth        | 2 3 |  3.0
Fighting       | |  1.0
Short Blades   | |  1.0
Dodging        | |  2.0
Evocations     | |  3.9

Action                   |  1- 3 |  4- 6 || total
-------------------------+-------+-------++-------
Melee: Short sword       |    73 |       ||    73
       Constrict         |    23 |       ||    23
       Tentacles         |    12 |       ||    12
       Punch             |     1 |       ||     1
Evoke: Wand              |    10 |     4 ||    14
  Use: Potion            |     2 |     1 ||     3
 Stab: Sleeping          |     3 |       ||     3
       Betrayed ally     |     1 |       ||     1
Armor: Skin              |     6 |       ||     6
Dodge: Dodged            |    37 |     3 ||    40

Table legend:
 A = Non-vault XP
 B = Vault XP
 C = Vault XP percentage of total XP
 D = Non-vault monster count
 E = Vault monster count
 F = Vault count percentage of total count
                 A         B        C        D         E       F
            +---------+---------+-------+---------+---------+-------
      Total |      75 |      23 |  23.5 |      20 |      11 |  35.5
            +---------+---------+-------+---------+---------+-------
        D:1 |      14 |       0 |   0.0 |       8 |       0 |   0.0
        D:2 |       9 |       7 |  43.8 |       3 |       4 |  57.1
        D:3 |      11 |      16 |  59.3 |       5 |       7 |  58.3
        D:4 |      41 |       0 |   0.0 |       4 |       0 |   0.0
            +---------+---------+-------+---------+---------+-------
